 Dungeon Crawl Stone Soup version 0.16.1-18-g436b03c (webtiles) character file.

17255 theElss the Basher (level 12, -1/114 HPs)
             Began as a Gargoyle Berserker on May 10, 2015.
             Was the Champion of Trog.
             Slain by a tengu reaver
             ... wielding a +1 great mace of protection
              (5 damage)
             ... on level 12 of the Dungeon.
             The game lasted 00:48:13 (11992 turns).

theElss the Basher (Gargoyle Berserker)            Turns: 11992, Time: 00:48:14

Health: -1/114     AC: 28    Str: 30      XL:     12   Next: 46%
Magic:  12/12      EV:  7    Int:  5 (8)  God:    Trog [******]
Gold:   938        SH: 21    Dex: 10      Spells: 0 memorised, 11 levels left

rFire  . . .     SeeInvis .     b - +0 morningstar
rCold  + . .     Clarity  .     d - +1 plate armour {MR+}
rNeg   + . .     SustAb   .     q - +2 large shield
rPois  ∞         Gourm    .     (no helmet)
rElec  +         Spirit   .     v - +2 cloak
rCorr  .         Warding  .     L - +0 pair of gloves
rMut   .         Stasis   .     (no boots)
MR     +....                    (no amulet)
Stlth  ..........               I - ring of invisibility
                                g - ring of protection from cold

@: berserking (expiring), very quick, somewhat resistant to hostile
enchantments, extremely unstealthy
A: negative energy resistance 1, electricity resistance, unbreathing,
petrification resistance, rot immunity, AC +8
a: Burn Spellbooks, Berserk, Trog's Hand, Brothers in Arms, Renounce Religion,
Evoke Invisibility


You were on level 12 of the Dungeon.
You worshipped Trog.
Trog was exalted by your worship.
You were hungry.

You visited 1 branch of the dungeon, and saw 12 of its levels.
You also visited: Sewer.

You collected 938 gold pieces.

Inventory:

Hand weapons
 a - a +0 mace
 b - a +0 morningstar (weapon)
Armour
 d - a +1 plate armour of magic resistance (worn)
 q - a +2 large shield (worn)
 v - a +2 cloak (worn)
 L - a +0 pair of gloves (worn)
Jewellery
 e - an uncursed amulet of regeneration {unknown}
 g - a ring of protection from cold (left hand)
 k - an uncursed amulet of clarity
 I - a ring of invisibility (right hand)
Magical devices
 x - a wand of disintegration (8)
 z - a wand of frost (20)
 E - a wand of flame (18)
 F - a wand of flame (27)
 H - a wand of digging (7)
 J - a wand of draining (8)
 K - a wand of confusion (12)
 N - a wand of cold (7)
 U - a wand of cold (8)
 V - a wand of lightning (6)
Scrolls
 l - 5 scrolls of teleportation
 o - 4 scrolls of fog
 r - 4 scrolls of magic mapping
 t - a scroll of blinking
 u - 5 scrolls of remove curse
 y - 5 scrolls of enchant weapon
 S - a scroll of recharging
 X - a scroll of acquirement {unknown}
Potions
 f - 6 potions of might
 i - 5 potions of cancellation {unknown}
 m - 5 potions of poison {unknown}
 n - a potion of agility {unknown}
 p - 2 potions of mutation {unknown}
 s - a potion of restore abilities {unknown}
 w - a potion of cure mutation {unknown}
 B - 3 potions of invisibility {unknown}
 C - a potion of flight {unknown}
 D - a potion of magic {unknown}
 M - a potion of lignification {unknown}
 O - 3 potions of heal wounds {unknown}
 P - 2 potions of brilliance {unknown}
 Q - a potion of degeneration {unknown}
 T - 5 potions of curing {unknown}
Books
 R - a book of Debilitation

   Spells                             Type                      Level
   a - Corona                         Hexes                        1
   b - Slow                           Hexes                        2
   c - Inner Flame                    Hexes/Fire                   3
   d - Enslavement                    Hexes                        4
   e - Cause Fear                     Hexes                        4
   f - Leda's Liquefaction            Hexes/Earth                  4
   Trog disapproves of the use of such an item.
 W - a book of Transfigurations

   Spells                             Type                      Level
   a - Stoneskin                      Transmutation/Earth          2
   b - Irradiate                      Conjuration/Transmutation    5
   c - Statue Form                    Transmutation/Earth          6
   d - Hydra Form                     Transmutation                6
   e - Dragon Form                    Transmutation                7
   Trog disapproves of the use of such an item.
Comestibles
 c - 8 bread rations
 h - 4 meat rations
 j - a royal jelly
 A - 9 beef jerkies
 G - a chunk of flesh


   Skills:
 * Level 9.6 Fighting
 * Level 11.1 Maces & Flails
 + Level 9.2 Armour
 + Level 6.6 Dodging
 + Level 10.9 Shields


You had 11 spell levels left.
You didn't know any spells.

Dungeon Overview and Level Annotations

Branches:
Dungeon (12/15)            Temple (0/1) D:6            Lair (0/8) D:8
    Orc (0/4) D:12

Altars:
Fedhas
Gozag
Kikubaaqudgha
Qazlal
Sif Muna
Vehumet
Yredelemnul
Zin
Beogh


Innate Abilities, Weirdness & Mutations

You are resistant to torment.
You are immune to poison.
Your stone body is very resilient (AC +8).
You resist negative energy.
You are resistant to electric shocks.
You can survive without breathing.
You are immune to petrification.
You are immune to rotting.


Message History

You feel yourself moving faster!
You feel mighty!
You are feeling hungry.
You feel a strong urge to attack something.
The tengu reaver hits you but does no damage.
The tengu reaver pecks you but does no damage.
You block the tengu reaver's attack.
You closely miss the tengu reaver. You hit the tengu reaver.
The tengu reaver is lightly wounded.
The tengu reaver hits you with a great mace of protection!
* * * LOW HITPOINT WARNING * * *
The tengu reaver pecks you.
* * * LOW HITPOINT WARNING * * *
You block the tengu reaver's attack.
You barely miss the tengu reaver.
The tengu reaver is lightly wounded.
You closely miss the tengu reaver.
The tengu reaver is lightly wounded.
The tengu reaver hits you with a great mace of protection.
You die...

#...#..#....#+
#...#..'....+.
#...##.#....##
#...##+#...... #...+
##'##.. ########..#
###### ##......##.#
##..... ##..†.....##.
##..8...
#....@.....####)......
#..8/!Q..?8..##........
#...C........##..(.....
#............#..8(.....
#....*.......#...(.....
#....)8).....)...(.....
............#...(.....
...).......#..8(.....
....}...##........


You could see a tengu reaver and a hill giant.

Vanquished Creatures
  2 hydras
  The ghost of EmilioHeskey the Blocker, an experienced FoFi of Okawaru (D:12)
  3 hill giants
  4 ugly things
  A manticore (D:11)
  An oklob plant (D:9)
  A griffon (D:12)
  4 trolls
  A two-headed ogre (D:11)
  The ghost of EmilioHeskey the Shield-Bearer, an average FoFi (D:4)
  A shadow (D:12)
  A basilisk (D:12)
  6 yaks (D:9)
  2 deep elf magi (D:12)
  A hill giant zombie (D:12)
  3 wraiths (D:12)
  Eustachio (D:8)
  2 hippogriffs
  2 wyverns
  2 hungry ghosts
  Edmund (D:7)
  A water moccasin (D:9)
  3 orc warriors
  An eye of draining (D:12)
  4 ice beasts
  3 sky beasts
  A wasp (D:9)
  9 ogres
  5 centaurs
  2 necrophages (D:8)
  A crocodile (D:12)
  Blork the orc (D:6)
  A brain worm (D:12)
  4 big kobolds
  2 wyvern zombies
  7 giant frogs
  A wyvern skeleton (D:11)
  3 troll zombies (D:12)
  3 scorpions
  A wight (D:8)
  3 hounds
  2 crimson imps (D:7)
  2 jellies
  A centaur skeleton (D:4)
  7 orc wizards
  2 giant frog zombies
  7 orc priests
  4 giant frog skeletons
  A quasit (D:10)
  Crazy Yiuf (D:3)
  3 centaur zombies
  6 iguanas
  14 worker ants
  Natasha (thrice) (D:6)
  4 ogre zombies (D:12)
  2 mummies (D:8)
  3 worker ant zombies
  4 gnolls
  16 adders
  2 river rats (D:4)
  2 shadow imps
  6 giant mites
  6 worms
  An adder zombie (D:7)
  An adder skeleton (D:7)
  4 giant geckos
  2 oozes
  42 orcs
  19 bats
  A bat skeleton (D:5)
  10 goblins
  11 hobgoblins
  4 quokkas
  4 ball pythons
  9 giant cockroaches
  A giant gecko skeleton (D:4)
  14 giant newts
  A goblin skeleton (D:12)
  2 goblin zombies (D:12)
  A hobgoblin skeleton (D:12)
  3 hobgoblin zombies (D:12)
  7 jackals
  2 jackal skeletons
  27 kobolds
  2 orc skeletons (D:12)
  12 orc zombies (D:12)
  A quokka skeleton (D:5)
  14 rats
  7 ballistomycetes (D:12)
  A butterfly (D:6)
398 creatures vanquished.

Vanquished Creatures (collateral kills)
  Urug (D:11)
1 creature vanquished.

Vanquished Creatures (others)
  A mottled dragon (D:12)
  6 giant spores (D:12)
  A ballistomycete (D:12)
8 creatures vanquished.

Grand Total: 407 creatures vanquished

Notes
Turn   | Place    | Note
--------------------------------------------------------------
     0 | D:1      | theElss, the Gargoyle Berserker, began the quest for the Orb.
     0 | D:1      | Reached XP level 1. HP: 14/14 MP: 1/1
   323 | D:1      | Reached XP level 2. HP: 17/19 MP: 2/2
   629 | D:2      | Found a basalt altar of Yredelemnul.
   645 | D:2      | Reached XP level 3. HP: 19/23 MP: 3/3
   698 | D:2      | Acquired Trog's second power
   924 | D:2      | Reached XP level 4. HP: 25/29 MP: 4/4
  1386 | D:3      | Found a blossoming altar of Fedhas.
  1669 | D:3      | Reached skill level 4 in Maces & Flails
  1826 | D:3      | Reached XP level 5. HP: 33/33 MP: 5/5
  1929 | D:3      | Noticed Crazy Yiuf
  1944 | D:3      | Killed Crazy Yiuf
  2287 | D:3      | Found a deep blue altar of Sif Muna.
  2287 | D:3      | Found an opulent altar of Gozag.
  2352 | D:4      | Reached skill level 1 in Shields
  2558 | D:4      | Reached XP level 6. HP: 29/38 MP: 6/6
  2689 | D:4      | Found a roughly hewn altar of Beogh.
  2833 | D:4      | Found a glowing drain.
  2884 | D:4      | Acquired Trog's third power
  2901 | Sewer    | Entered a sewer
  3207 | Sewer    | Reached XP level 7. HP: 41/44 MP: 7/7
  3562 | D:4      | Noticed EmilioHeskey's ghost (average FoFi)
  3590 | D:4      | Reached skill level 5 in Maces & Flails
  3605 | D:4      | Killed EmilioHeskey's ghost
  3605 | D:4      | Reached skill level 5 in Fighting
  3828 | D:5      | Entered Level 5 of the Dungeon
  3880 | D:5      | Found an ancient bone altar of Kikubaaqudgha.
  4057 | D:5      | Reached XP level 8. HP: 42/49 MP: 8/8
  4221 | D:5      | Reached skill level 6 in Maces & Flails
  4631 | D:6      | Noticed Natasha
  4642 | D:6      | Killed Natasha
  4655 | D:6      | Reached skill level 5 in Armour
  4717 | D:6      | Found a staircase to the Ecumenical Temple.
  4739 | D:6      | Noticed Natasha
  4749 | D:6      | Killed Natasha
  4767 | D:6      | Noticed Natasha
  4776 | D:6      | Killed Natasha
  4779 | D:6      | Found a radiant altar of Vehumet.
  4827 | D:6      | Reached skill level 5 in Shields
  4922 | D:6      | Noticed Blork the orc
  4938 | D:6      | Killed Blork the orc
  5071 | D:6      | Reached XP level 9. HP: 48/54 MP: 9/9
  5428 | D:7      | Reached skill level 7 in Maces & Flails
  5445 | D:7      | Noticed Edmund
  5464 | D:7      | Killed Edmund
  5572 | D:7      | Received a gift from Trog
  6399 | D:8      | Noticed Eustachio
  6427 | D:8      | Killed Eustachio
  6501 | D:8      | Found a stormy altar of Qazlal.
  6699 | D:8      | Reached skill level 8 in Maces & Flails
  6747 | D:8      | Reached XP level 10. HP: 58/61 MP: 10/10
  7134 | D:8      | Found a staircase to the Lair.
  7450 | D:9      | Found a glowing silver altar of Zin.
  7450 | D:9      | Noticed an oklob plant
  7467 | D:9      | Noticed a white ugly thing
  7489 | D:9      | Killed a white ugly thing
  7708 | D:9      | Reached skill level 5 in Dodging
  7900 | D:9      | Reached skill level 9 in Maces & Flails
  7910 | D:9      | Received a gift from Trog
  8753 | D:9      | Killed an oklob plant
  8813 | D:10     | Entered Level 10 of the Dungeon
  8984 | D:10     | Reached XP level 11. HP: 65/68 MP: 11/11
  9133 | D:10     | Noticed a hill giant
  9149 | D:10     | Killed a hill giant
  9956 | D:11     | Noticed Urug
 10003 | D:11     | Killed Urug
 10065 | D:11     | Noticed an eight-headed hydra
 10080 | D:11     | Killed an eight-headed hydra
 10080 | D:11     | Reached skill level 10 in Maces & Flails
 10080 | D:11     | Reached skill level 10 in Shields
 10861 | D:12     | Noticed EmilioHeskey's ghost (experienced FoFi)
 10933 | D:12     | Killed EmilioHeskey's ghost
 11119 | D:12     | Found a staircase to the Orcish Mines.
 11222 | D:12     | Reached XP level 12. HP: 71/75 MP: 12/12
 11315 | D:12     | Noticed a hill giant
 11324 | D:12     | Killed a hill giant
 11379 | D:12     | Noticed a hill giant
 11386 | D:12     | Killed a hill giant
 11473 | D:12     | Noticed a five-headed hydra
 11557 | D:12     | Killed a five-headed hydra
 11678 | D:12     | Reached skill level 11 in Maces & Flails
 11981 | D:12     | Noticed a tengu reaver
 11986 | D:12     | Noticed a hill giant
 11990 | D:12     | HP: 5/114 [tengu reaver/great mace of protection (15)]
 11992 | D:12     | Slain by a tengu reaver

Action                   |  1- 3 |  4- 6 |  7- 9 | 10-12 || total
-------------------------+-------+-------+-------+-------++-------
Melee: Mace              |   102 |   270 |   701 |   741 ||  1814
       Hammer            |       |   118 |       |       ||   118
       Morningstar       |       |       |       |   450 ||   450
Invok: Berserk           |       |     3 |     5 |     8 ||    16
       Trog's Hand       |       |     1 |       |       ||     1
       Brothers in Arms  |       |       |       |     1 ||     1
  Use: Scroll            |       |     6 |     1 |     5 ||    12
  Eat: Chunk             |       |    12 |    13 |    24 ||    49
       Bread ration      |       |       |     1 |       ||     1
       Royal jelly       |       |       |       |     2 ||     2
